Map: Ley Lines

Players

KimChiLoVer - Winner!

  • Race: Terran Terran
  • Spawn Location: 7:00

A.I. 1 (Elite)

  • Race: Terran Terran
  • Spawn Location: 1:00

VOD

Have the link to the VOD?

Description

Time

  • Played on: Aug. 4, 2025, 8:22 p.m.
  • Length: 15:35
Show
View Real Time Build Order
Export as new Build Order

KimChiLoVer Terran - Winner!

Build Orders: Reaper Expand 

Get SALT Encoding   

  12  0:00  SCV  
  13  0:12  SCV  
  14  0:17  Supply Depot  
  14  0:25  SCV  
  15  0:39  SCV  
  15  0:40  Barracks  
  16  0:45  Refinery  
  16  0:51  SCV  
  18  1:04  SCV  
  18  1:16  SCV  
  19  1:29  Reaper  
  19  1:30  Orbital Command  
  20  1:43  Command Center  
  20  2:02  SCV  
  20  2:05  Barracks  
  21  2:11  Supply Depot  
  21  2:16  Barracks Reactor  
  21  2:23  SCV  
  21  2:27  Refinery, Factory  
  22  2:41  SCV  
  23  2:53  SCV  
  23  2:58  Command Center  
  24  3:05  SCV  
  24  3:08  Orbital Command  
  25  3:21  SCV  
  26  3:33  SCV  
  27  3:40  Factory Tech Lab  
  26  3:41  Barracks Tech Lab  
  26  3:45  Marine x2, SCV  
  26  3:46  Starport  
  26  3:47  SCV  
  30  3:57  SCV  
  30  3:59  Siege Tank, SCV  
  30  4:01  Marine  
  36  4:03  Marine  
  36  4:08  Marine  
  36  4:09  SCV  
  39  4:11  SCV, Orbital Command  
  40  4:19  Marine  
  40  4:23  Marine  
  42  4:26  Marine, Medivac  
  44  4:37  Marine, SCV  
  46  4:41  Marine, Bunker  
  46  4:42  Siege Tank  
  46  4:43  Marine  
  51  4:49  SCV  
  51  4:50  SCV x2  
  54  4:54  Stimpack  
  54  4:57  Engineering Bay  
  54  4:58  Engineering Bay  
  54  5:01  SCV  
  55  5:09  Barracks  
  55  5:10  Barracks Reactor  
  55  5:12  Barracks  
  55  5:13  SCV  
  56  5:17  Medivac  
  56  5:20  Refinery  
  58  5:22  Refinery  
  58  5:23  SCV  
  58  5:25  SCV  
  60  5:31  SCV  
  61  5:47  Supply Depot  
  61  5:49  SCV x2, Medivac, Supply Depot  
  65  5:53  Marine x2  
  65  5:54  Marine  
  65  5:56  Terran Infantry Weapons Level 1  
  68  6:02  Barracks Reactor, Supply Depot, SCV x2, Barracks Tech Lab  
  70  6:07  SCV  
  71  6:11  Marine x3  
  71  6:13  Orbital Command  
  71  6:14  SCV x2  
  76  6:25  Refinery  
  76  6:26  SCV, Refinery  
  76  6:29  Marine  
  76  6:31  Command Center  
  76  6:32  Marine x2  
  80  6:33  Armory  
  80  6:37  Marine  
  80  6:38  SCV  
  80  6:39  Concussive Shells  
  82  6:47  Marine  
  82  6:49  Marine x3  
  82  6:50  Marine, SCV, Combat Shield  
  88  6:54  Marine  
  89  7:05  Marine  
  90  7:09  Marine x3, Marauder  
  90  7:13  Marauder, Command Center  
  97  7:19  SCV  
  98  7:31  SCV  
  99  7:43  SCV  
  95  7:51  Marine  
  95  7:52  Marine x5  
  95  7:53  Siege Tank  
  95  7:55  SCV  
  91  8:09  Marine  
  91  8:10  Marine x5  
  91  8:11  Starport  
  97  8:15  SCV  
  97  8:16  Barracks  
  97  8:18  Factory  
  97  8:19  SCV x2  
  100  8:25  Siege Tank  
  103  8:27  Marine, SCV  
  103  8:28  Marine x5, Orbital Command  
  103  8:31  SCV  
  103  8:32  Supply Depot  
  103  8:33  Terran Infantry Weapons Level 2  
  111  8:34  Supply Depot  
  111  8:36  Terran Infantry Armor Level 1  
  111  8:38  Terran Vehicle And Ship Armor Level 1  
  111  8:40  SCV  
  112  8:45  Marine  
  112  8:46  Marauder x2  
  117  8:50  Marine x2, Supply Depot  
  117  8:51  Marine  
  117  8:52  Supply Depot, SCV  
  117  8:53  Supply Depot  
  121  8:57  Siege Tank  
  124  9:05  Starport Reactor  
  124  9:06  Barracks Reactor  
  124  9:07  Marine x2, Factory Tech Lab  
  126  9:10  Marine x4  
  130  9:19  Supply Depot  
  130  9:20  Medivac x2  
  130  9:22  Supply Depot  
  134  9:25  Marauder x2  
  134  9:28  Marine x4  
  134  9:30  Planetary Fortress  
  142  9:33  SCV x3  
  146  9:45  SCV x2  
  146  9:46  Marine x3, SCV  
  150  10:03  Missile Turret  
  150  10:06  Missile Turret  
  135  10:11  Marine x7  
  135  10:12  Marine  
  138  10:22  Supply Depot  
  138  10:23  Command Center  
  138  10:24  Medivac  
  138  10:25  Supply Depot  
  138  10:26  Supply Depot  
  138  10:27  Viking  
  142  10:29  Marine x8  
  150  10:46  Marine  
  150  10:47  Marine x7, Siege Tank x2  
  150  10:49  Viking  
  166  10:51  Viking  
  166  10:54  Viking  
  166  10:55  Terran Infantry Weapons Level 3  
  166  10:57  Terran Infantry Armor Level 2, Viking  
  172  11:00  Terran Vehicle And Ship Armor Level 2  
  172  11:04  Marine  
  172  11:05  Marine x7  
  180  11:15  SCV, Missile Turret  
  180  11:18  Missile Turret  
  181  11:20  Missile Turret  
  181  11:21  SCV  
  181  11:23  Marine x4, Missile Turret  
  181  11:24  Marine x4  
  181  11:25  Siege Tank  
  193  11:28  Viking  
  195  11:32  Viking  
  195  11:33  SCV  
  195  11:35  Viking  
  200  11:43  Orbital Command  
  181  12:27  SCV  
  182  12:30  Supply Depot x2  
  182  12:34  Command Center  
  182  12:39  SCV  
  187  12:44  Marine x5, Marauder x2  
  187  12:45  Marine  
  184  13:02  Marine x3  
  184  13:05  Marine x3, Marauder  
  185  13:06  Marauder  
  185  13:07  Liberator x4  
  194  13:27  Marauder x2  
  191  13:48  Marauder  
  191  13:49  Liberator  
  191  13:50  Medivac x3  
  200  13:59  Refinery  
  200  14:05  Refinery  
  199  14:20  Medivac  
Show
View Real Time Build Order
Export as new Build Order

A.I. 1 (Elite) Terran 

Build Orders:  

Get SALT Encoding   

  12  0:00  SCV  
  13  0:13  SCV  
  14  0:18  Supply Depot  
  14  0:25  SCV  
  15  0:40  SCV  
  16  0:43  Barracks  
  16  0:46  Refinery  
  16  0:52  SCV  
  17  1:04  Barracks, SCV  
  18  1:16  SCV  
  19  1:30  Marine  
  19  1:32  Orbital Command  
  20  1:41  Barracks  
  20  1:48  Marine  
  20  1:50  Marine  
  22  1:57  Supply Depot  
  22  2:00  SCV  
  23  2:06  Barracks Tech Lab  
  23  2:09  Barracks Tech Lab  
  23  2:18  SCV  
  23  2:24  Marine  
  23  2:27  Marine  
  23  2:28  Marine, Stimpack  
  26  2:30  SCV  
  26  2:32  Concussive Shells  
  27  2:39  Supply Depot  
  27  2:42  Marine  
  28  2:45  Marine  
  28  2:46  Marine  
  28  2:47  SCV  
  31  3:01  Marauder  
  31  3:03  Marauder  
  31  3:04  Marine  
  36  3:09  Supply Depot  
  36  3:21  Marine  
  36  3:22  Marine  
  36  3:24  Marine  
  39  3:27  Combat Shield  
  39  3:30  SCV  
  40  3:34  Supply Depot  
  40  3:48  Refinery  
  40  3:58  SCV  
  41  4:10  SCV  
  41  4:13  Factory  
  42  4:22  SCV  
  43  4:30  Supply Depot  
  43  4:34  SCV  
  43  4:40  Marauder  
  43  4:41  Marauder, Engineering Bay  
  47  4:49  Command Center  
  47  5:00  Starport  
  47  5:02  Marauder  
  47  5:03  Marauder  
  51  5:12  Terran Infantry Weapons Level 1  
  51  5:23  Marauder  
  51  5:24  Marauder  
  51  5:25  Engineering Bay  
  55  5:34  Marine  
  56  5:39  Supply Depot  
  56  5:44  Marine  
  56  5:49  Marauder  
  59  5:50  Terran Infantry Armor Level 1  
  59  5:53  Barracks Reactor  
  59  6:02  Marauder, SCV x2  
  63  6:10  Marine  
  64  6:14  SCV x2  
  66  6:26  SCV, Refinery  
  66  6:27  SCV  
  68  6:35  Marine, Marauder, Medivac  
  68  6:38  SCV  
  68  6:39  SCV  
  75  6:49  Command Center  
  75  6:50  SCV  
  76  6:56  Orbital Command  
  76  7:02  SCV  
  76  7:05  Medivac  
  76  7:07  Supply Depot  
  79  7:10  Marauder  
  79  7:14  SCV  
  82  7:15  Missile Turret  
  82  7:21  Missile Turret  
  82  7:26  SCV  
  82  7:27  SCV  
  79  7:38  SCV  
  79  7:39  SCV  
  76  7:46  Marauder  
  76  7:50  Marine, SCV  
  70  7:51  SCV  
  70  7:53  Marine  
  70  7:56  Marine  
  64  8:02  SCV  
  65  8:06  Marine  
  65  8:07  SCV  
  65  8:12  Marine  
  68  8:14  Marine  
  68  8:17  Marine  
  70  8:22  SCV  
  70  8:24  Marine, SCV  
  70  8:25  SCV  
  74  8:30  Marine  
  74  8:32  Marine  
  76  8:34  SCV  
  76  8:35  Marine  
  76  8:36  SCV  
  76  8:39  SCV  
  80  8:42  Marine  
  80  8:46  SCV  
  80  8:48  Marine, SCV  
  84  8:51  Marine  
  84  8:52  SCV  
  84  8:53  Marauder  
  88  8:58  SCV  
  88  9:00  Marine, SCV  
  91  9:04  SCV  
  91  9:09  Armory  
  92  9:10  SCV  
  92  9:14  SCV  
  92  9:15  Marauder  
  92  9:16  SCV  
  97  9:21  Supply Depot  
  97  9:22  SCV  
  98  9:26  SCV  
  98  9:28  SCV  
  100  9:35  SCV  
  100  9:37  Missile Turret  
  101  9:38  SCV  
  101  9:39  Missile Turret  
  101  9:40  SCV  
  101  9:42  Starport Reactor, Barracks  
  103  9:47  Marine, Supply Depot, SCV  
  103  9:50  SCV  
  103  9:51  Marine  
  103  9:52  Marine, SCV  
  109  9:53  Marine  
  109  9:58  Terran Infantry Weapons Level 2  
  110  10:02  Factory Tech Lab  
  110  10:05  Marine, Orbital Command  
  94  10:09  Marine  
  94  10:10  Marine  
  94  10:11  Marine  
  74  10:18  Liberator  
  74  10:19  Liberator  
  74  10:20  Siege Tank  
  83  10:24  Marauder  
  83  10:27  Marine  
  83  10:28  Marine  
  87  10:29  Marine, Marauder  
  90  10:40  Supply Depot  
  90  10:42  Missile Turret  
  90  10:45  Marine x2, Marauder  
  90  10:47  Marine  
  95  10:51  Marauder  
  95  10:52  Siege Tank, Refinery  
  95  10:55  Refinery  
  100  11:01  Medivac, Viking  
  100  11:02  Missile Turret  
  100  11:03  Marine x2  
  106  11:05  Marine  
  106  11:06  Marauder  
  106  11:07  Supply Depot  
  109  11:11  Marine  
  109  11:12  Refinery  
  110  11:18  SCV  
  110  11:19  SCV  
  110  11:21  Marine x2  
  110  11:23  Missile Turret  
  110  11:25  Siege Tank  
  117  11:28  Marauder, Factory  
  117  11:30  Marauder  
  117  11:31  Viking, Medivac, Supply Depot  
  125  11:35  SCV  
  125  11:36  SCV  
  125  11:37  Command Center  
  127  11:47  SCV  
  127  11:52  Marauder, Starport  
  127  11:53  Armory, Marauder  
  132  11:55  Supply Depot  
  132  11:57  Siege Tank  
  132  12:01  Liberator  
  135  12:08  Hi-Sec Auto Tracking  
  138  12:11  Widow Mine  
  138  12:12  Marine x2  
  138  12:13  Marine, Marauder  
  138  12:14  Marauder  
  133  12:19  Supply Depot  
  103  12:28  Starport Tech Lab  
  103  12:29  Siege Tank  
  100  12:30  Marine x3  
  100  12:33  Factory Tech Lab  
  100  12:34  Marine  
  100  12:35  Marine  
  103  12:47  Raven  
  103  12:48  Marine x3  
  103  12:51  SCV x4  
  98  12:53  Marauder x2  
  85  13:01  Siege Tank  
  85  13:03  SCV x4, Refinery  
  74  13:06  Marine x3  
  67  13:14  Marine, Marauder  
  67  13:15  SCV x2  
  69  13:21  Viking  
  69  13:22  SCV  
  69  13:23  Marine  
  69  13:24  Marine  
  69  13:25  Marine, SCV  
  69  13:27  SCV x2  
  69  13:32  Marine  
  69  13:33  Siege Tank  
  69  13:34  SCV  
  76  13:35  Marine  
  76  13:39  SCV  
  76  13:40  SCV  
  76  13:41  Marine, SCV  
  80  13:42  Marine  
  80  13:43  Marine  
  80  13:46  SCV  
  84  13:50  Marauder  
  84  13:51  SCV  
  84  13:52  SCV  
  84  13:53  Marine  
  91  13:58  SCV  
  91  13:59  Marine x2  
  91  14:00  Marine  
  94  14:03  SCV  
  94  14:04  SCV  
  94  14:05  Siege Tank  
  77  14:10  Marine, SCV  
  77  14:11  Marine  
  77  14:15  SCV  
  77  14:17  Marine x2  
  77  14:18  Marine  
  77  14:22  SCV  
  63  14:27  SCV  
  63  14:29  Marine  
  55  14:34  SCV  
  55  14:36  Marine  
  45  14:47  Marine  
  37  14:56  Supply Depot  
  30  15:00  Supply Depot  
  30  15:05  Factory  
  19  15:17  Command Center  
  19  15:22  SCV  
Tags
 
Matchup
TvT
Race
Terran
Spawn Locations
Cross Positions
Add a new tag
Caveats
  • Supply blocks, unpowered buildings, or Contaminate may cause inaccurate times.
  • Supply counts are checked every 10 seconds.